 Dungeon Crawl Stone Soup version 0.31.0-12-g77e489cdc1 (webtiles) character file.

Game seed: 7027654862124995875

393 Curundu the Chopper (level 6, -1/55 HPs)
             Began as a Minotaur Berserker on Feb 12, 2024.
             Was a Believer of Trog.
             Slain by an ogre
             ... wielding a +0 giant club
              (26 damage)
             ... on level 4 of the Dungeon.
             The game lasted 00:08:51 (2592 turns).

Curundu the Chopper (Minotaur Berserker)            Turns: 2592, Time: 00:08:51

Health: -1/55      AC:  7    Str: 24    XL:     6   Next: 51%
Magic:  5/5        EV: 11    Int:  7    God:    Trog [**....]
Gold:   283        SH:  4    Dex:  9    Spells: 5/5 levels left

rFire   . . .        a - +0 hand axe
rCold   + . .        k - +0 buckler
rNeg    . . .        e - +0 ring mail
rPois   .            (helmet restricted)
rElec   .            (no cloak)
rCorr   .            (no gloves)
SInv    .            l - +0 pair of boots
Will    .....        g - amulet "Sadoxtal" {Regen+ Int+3} Stlth
                     b - ring of protection from cold
HPRegen 1.09/turn    (no ring)
MPRegen 0.09/turn

%: no passive effects
@: no status effects
A: horns 2, retaliatory headbutt
a: Renounce Religion, Berserk, Trog's Hand


You were on level 4 of the Dungeon.
You worshipped Trog.
Trog was pleased with you.
You visited 1 branch of the dungeon, and saw 4 of its levels.

You collected 283 gold pieces.

Inventory:

Hand Weapons
 a - a +0 hand axe (weapon)
Armour
 e - a +0 ring mail (worn)
 k - a +0 buckler (worn)
 l - a +0 pair of boots (worn)
Jewellery
 b - a ring of protection from cold (left hand)
 g - the amulet "Sadoxtal" (around neck) {Regen+ Int+3}
   (You found it on level 2 of the Dungeon)

   [amulet of regeneration]

   Int+3:     It affects your intelligence (+3).
   Regen+:    It increases your rate of health regeneration.
 n - an amulet of reflection
Scrolls
 c - 2 scrolls of poison {unknown}
 d - a scroll of silence {unknown}
 o - 3 scrolls of identify
 q - a scroll of blinking {unknown}
 r - a scroll of immolation {unknown}
Potions
 f - 2 potions of ambrosia
 h - a potion of cancellation {unknown}
 i - 2 potions of heal wounds
 j - 2 potions of curing {unknown}
 m - a potion of magic {unknown}
 p - a potion of enlightenment {unknown}


   Skills:
 + Level 4.8 Fighting
 + Level 5.8 Axes
 + Level 4.0 Armour
 + Level 3.2 Dodging
 - Level 0.1 Stealth
 * Level 2.4 Shields
 * Level 1.9 Evocations


You had 5 spell levels left.
You didn't know any spells.
Your spell library was empty.

Dungeon Overview and Level Annotations

Branches:
Dungeon (4/15)
 Temple: D:4-7

Altars:
Sif Muna


Innate Abilities, Weirdness & Mutations

You have a pair of horns on your head.
You reflexively headbutt those who attack you in melee.


Message History

You kill the orc priest!
Trog accepts your kill.
Your Armour skill increases to level 4!
Items here: ))) [[[ ††.
Items here: ))) [[[ ††.
Okay, then.
You open the door.
Found a shimmering blue altar of Sif Muna.
You feel the effects of Trog's Hand fading.
Your skin stops crawling.
You feel less strong-willed.
Found a helmet.
You see here a +0 helmet.
You now have 283 gold pieces (gained 13).
A dart slug comes into view.
The dart slug launches a dart at you. The slug dart misses you.
The dart slug launches a dart at you. The slug dart misses you.
You slash the dart slug! You headbutt the dart slug.
You kill the dart slug!
Trog accepts your kill.
Found a book of Flames.
You see here a dart slug corpse.
An ogre comes into view. It is wielding a +0 giant club.
The ogre shouts!
The ogre hits you with a +0 giant club!
You hit the ogre.
The ogre is moderately wounded.
You barely miss the ogre. You headbutt the ogre!
The ogre is heavily wounded.
The ogre closely misses you. You furiously retaliate!
You headbutt the ogre! You barely miss the ogre. You headbutt the ogre.
The ogre is almost dead.
The ogre hits you with a +0 giant club!!
You barely miss the ogre.
The ogre is almost dead.
You hit the ogre.
The ogre is almost dead.
The ogre hits you with a +0 giant club!!
You die...

...................#.
....#####.......##...
. #.######..........#
#...........#######
#..#######.## #####
#..# #.# #.... #..#
#.# #.# # #.O# #.#
#.# #:@#######.#
#.###
#.......##.####.[..
##.####†##.......##
#.# #.........## #.#
####.######
#.........#
###########


You could see an ogre.

Vanquished Creatures
  The ghost of misterblockey the Magician, an amateur DjCj (D:3)
  2 centaur zombies (D:3)
  A gnoll bouda (D:3)
  An orc priest (D:4)
  A bullfrog skeleton (D:3)
  2 adders
  3 gnolls (D:3)
  A dart slug (D:4)
  A ribbon worm (D:2)
  3 orcs (D:4)
  9 ball pythons
  5 endoplasms
  3 giant cockroaches
  12 goblins
  5 hobgoblins
  2 jackals (D:1)
  4 quokkas
  6 bats
  5 frilled lizards
  A kobold (D:3)
  2 rats (D:1)
70 creatures vanquished.

Notes
Turn   | Place    | Note
-------+----------+-------------------------------------------
     0 | D:1      | Curundu the Minotaur Berserker began the quest for the Orb.
     0 | D:1      | Reached XP level 1. HP: 19/19 MP: 0/0
   145 | D:1      | Reached XP level 2. HP: 23/27 MP: 1/1
   284 | D:1      | Reached skill level 4 in Axes
   791 | D:2      | Reached XP level 3. HP: 33/34 MP: 2/2
   920 | D:2      | Identified the amulet "Sadoxtal" {Regen+ Int+3}
   971 | D:2      | Found a faded altar of an unknown god.
  1109 | D:2      | Reached ** piety under Trog
  1749 | D:3      | Reached XP level 4. HP: 41/41 MP: 3/3
  1762 | D:3      | Found a transporter.
  1762 | D:3      | Noticed misterblockey's ghost (amateur DjCj)
  1766 | D:3      | Found a transporter.
  1779 | D:3      | Reached skill level 1 in Shields
  1781 | D:3      | Reached skill level 1 in Evocations
  1788 | D:3      | Killed misterblockey's ghost
  1789 | D:3      | Reached skill level 5 in Axes
  1789 | D:3      | Reached XP level 5. HP: 47/47 MP: 4/4
  1809 | D:3      | Reached XP level 6. HP: 53/53 MP: 5/5
  2538 | D:4      | Found a shimmering blue altar of Sif Muna.
  2592 | D:4      | Slain by an ogre

Illustrated notes

Levels and vault maps discovered:
D:1:      dpeg_arrival_central, layout_basic, interstate_on_off
D:2:      layout_loops_cross, hellmonk_ecumenical_altar_pennies_from_heaven,
          dk_noncrumbling_2
D:3:      layout_loops_ring, gammafunk_ghost_mausoleum
D:4:      layout_loops_ring, kennysheep_mini_moat,
          mainiacjoe_overflow_surrounded_room, gammafunk_temple_overflow_pools,
          amethyst_killhole

Skill      XL: |  1  2  3  4  5  6 |
---------------+-------------------+-----
Fighting       | 4 |  4.8
Axes           | 4 5 |  5.8
Armour         | 3 4 |  4.0
Shields        | 2 |  2.4
Evocations     | 1 |  1.9
Dodging        | 3 |  3.2
Stealth        | |  0.1

Action                     |  1- 3 |  4- 6 || total
---------------------------+-------+-------++-------
  Melee: Hand axe          |    90 |    51 ||   141
         Headbutt          |    16 |    16 ||    32
         Punch             |     1 |       ||     1
 Invoke: Trog's Hand       |       |     2 ||     2
         Berserk           |       |     1 ||     1
    Use: Scroll            |       |     2 ||     2
 Armour: Animal skin       |    20 |       ||    20
         Ring mail         |    30 |    42 ||    72
  Dodge: Dodged            |    67 |    33 ||   100
  Block: Buckler           |     7 |     6 ||    13
